 Dungeon Crawl Stone Soup version 0.31-a0-675-g238779eb0a (webtiles) character file.

Game seed: 7190915569964799871

49 freelancePsychic the Sneak (level 3, 0/21 HPs)
             Began as a Deep Elf Brigand on Sept 5, 2023.
             Succumbed to an adder's poison
             ... on level 3 of the Dungeon.
             The game lasted 00:01:57 (1439 turns).

freelancePsychic the Sneak (Deep Elf Brigand)       Turns: 1439, Time: 00:01:58

Health: 0/21       AC:  4    Str:  5 (8)  XL:     3   Next: 53%
Magic:  5/5        EV: 12    Int: 12 (15) God:
Gold:   131        SH:  0    Dex: 16 (18) Spells: 2/2 levels left

rFire   . . .        a - +2 dagger
rCold   . . .        (no shield)
rNeg    . . .        b - +0 robe
rPois   .            (no helmet)
rElec   .            c - +0 cloak
rCorr   .            (no gloves)
SInv    .            o - +0 pair of boots
Will    +....        (no amulet)
Stlth   +++          (no ring)
HPRegen 0.23/turn    (no ring)
MPRegen 0.09/turn

%: no passive effects
@: lethally poisoned (0 -> -5), enlightened, flying, hasted, studying Armour,
very quick
A: no striking features
a: no special abilities


You were on level 3 of the Dungeon.
You visited 1 branch of the dungeon, and saw 3 of its levels.

You collected 131 gold pieces.

Inventory:

Hand Weapons
 a - a +2 dagger (weapon)
Missiles
 d - 7 poisoned darts (quivered)
 e - 3 curare-tipped darts
Armour
 b - a +0 robe (worn)
 c - a +0 cloak (worn)
 o - a +0 pair of boots (worn)
Jewellery
 q - a +4 ring of protection
Scrolls
 g - a scroll of identify {unknown}
 h - a scroll of amnesia {unknown}
 k - a scroll of silence {unknown}
 l - a scroll of immolation {unknown}
 m - a scroll of teleportation {@r4}
Potions
 i - a potion of haste {@q3}
 j - a potion of brilliance {unknown}
 n - a potion of attraction {unknown}


   Skills:
 + Level 2.2 Fighting
 - Level 2.0 Short Blades
 * Level 3.5 Ranged Weapons
 - Level 2.0 Throwing
 - Level 1.2 Dodging
 - Level 4.8 Stealth


You had 2 spell levels left.
You didn't know any spells.
Your spell library was empty.

Dungeon Overview and Level Annotations

Branches:
Dungeon (3/15)

Altars:


Message History

You are too injured to fight recklessly!
You are too injured to fight recklessly!
You are too injured to fight recklessly!
You are too injured to fight recklessly!
You are too injured to fight recklessly!
Throw: 9 darts (poison)
Press: ? - help, Q - select action, (/) - cycle Shift-Dir - straight line, f - adder
Aim: an adder (severely wounded, 42% to hit)
You throw a poisoned dart. The poisoned dart hits the adder.
The adder is poisoned.
The adder is severely wounded.
You feel sick. The adder bites you but does no damage.
The adder barely misses you.
Throw: 8 darts (poison)
Press: ? - help, Q - select action, (/) - cycle Shift-Dir - straight line, f/p - adder
Aim: an adder (severely wounded, poisoned, 42% to hit)
You throw a poisoned dart.
The poisoned dart barely misses the adder.
The ball python hisses angrily.
You feel sick. The adder bites you.
* * * LOW HITPOINT WARNING * * *
You are more poisoned.
The adder poisons you!
You barely miss the adder. You punch the adder, but do no damage.
The adder is severely wounded.
* * * LOW HITPOINT WARNING * * *
You feel sick. The adder misses you.
It was a potion of haste.
You feel yourself speed up.
* * * LOW HITPOINT WARNING * * *
You feel sick. The adder barely misses you.
It was a potion of enlightenment.
You feel very buoyant.
You fly up into the air.
* * * LOW HITPOINT WARNING * * *
You feel sick. The adder barely misses you. The ball python closely misses you.
The ball python barely misses you.
It was a potion of degeneration.
There was something very wrong with that liquid.
You feel weakened.
You feel dopey.
You feel clumsy.
You die...

# #. ##.#########
...........#
#........#
#....?...#
#....@S.(#
#.##S##### #.#..#
#.#.## #...# ##..#
######## ##..##
...)<<.#####†...##
######.....#.....##


You could see an adder (poisoned) and a ball python.

Vanquished Creatures
  2 gnolls (D:3)
  4 endoplasms
  5 goblins
  3 hobgoblins
  2 quokkas
  4 ball pythons
  4 bats (D:1)
  A frilled lizard (D:1)
  A kobold (D:2)
  2 rats
28 creatures vanquished.

Notes
Turn   | Place    | Note
-------+----------+-------------------------------------------
     0 | D:1      | freelancePsychic the Deep Elf Brigand began the quest for
                  | the Orb.
     0 | D:1      | Reached XP level 1. HP: 12/12 MP: 3/3
   162 | D:1      | Reached skill level 1 in Ranged Weapons
   228 | D:1      | Reached XP level 2. HP: 13/17 MP: 4/4
   526 | D:2      | Identified a scroll of acquirement
   526 | D:2      | Acquired a manual of Armour
  1042 | D:2      | Reached XP level 3. HP: 21/21 MP: 5/5
  1438 | D:3      | HP: 1/21 [poisoned by an adder]
  1439 | D:3      | Succumbed to an adder's poison

Illustrated notes

Levels and vault maps discovered:
D:1:      ncdulo_smallfort, layout_rooms
D:2:      layout_loops_cross, minmay_pentomino_z4
D:3:      layout_rooms

Skill      XL: |  1  2  3 |
---------------+----------+-----
Ranged Weapons | 1 2 3 |  3.5
Fighting       | 2 |  2.2
Short Blades   | |  2.0
Throwing       | |  2.0
Dodging        | |  1.2
Stealth        | |  4.8

Action                     || total
---------------------------++-------
  Melee: Dagger            ||    74
         Punch             ||     2
  Throw: Dart              ||    23
    Use: Scroll            ||     2
         Potion            ||     3
   Stab: Sleeping          ||     5
 Armour: Robe              ||    49
  Dodge: Dodged            ||    49

Table legend: (Time is in decaauts)
 A = Elapsed time spent in this place.
 B = Non-inter-level travel time spent in this place.
 C = Inter-level travel time spent in this place.
 D = Time resting spent in this place.
 E = Time spent auto-exploring this place.
 F = Levels seen in this place.
 G = Mean time per level.
                   A        B        C        D        E       F      G
               +--------+--------+--------+--------+--------+-----+--------+
         Total |   1429 |   1378 |     51 |     23 |   1108 |   3 |  476.3 |
       Dungeon |   1429 |   1378 |     51 |     23 |   1108 |   3 |  476.3 |
               +--------+--------+--------+--------+--------+-----+--------+

Top non-repeatable levels by time:
     D:2: 804 daAuts
     D:1: 520 daAuts
     D:3: 104 daAuts
